 Dungeon Crawl Stone Soup version 0.23-a0-650-ga4d50d4d25 (webtiles) character file.

27 D1HalberdGnoll the Fighter (level 3, -7/38 HPs)
             Began as a Gnoll Wanderer on Jan 6, 2019.
             Mangled by an iguana (14 damage)
             ... on level 2 of the Dungeon.
             The game lasted 00:01:07 (803 turns).

D1HalberdGnoll the Fighter (Gnoll Wanderer)          Turns: 803, Time: 00:01:08

Health: -7/38      AC:  2    Str: 15    XL:     3   Next: 10%
Magic:  3/3        EV: 11    Int: 14    God:
Gold:   29         SH:  0    Dex: 14    Spells: 3/3 levels left

rFire    . . .     SeeInvis .   a - +2 spear
rCold    . . .     Gourm    .   (no shield)
rNeg     . . .     Faith    .   e - +0 robe
rPois    .         Spirit   .   (no helmet)
rElec    .         Reflect  .   (no cloak)
rCorr    .         Harm     .   (no gloves)
MR       .....                  (no boots)
Stlth    ++........             (no amulet)
HPRegen  0.12/turn              (no ring)
MPRegen  0.08/turn              (no ring)

@: no status effects
A: distributed training, fangs 1, strong nose
a: no special abilities


You were on level 2 of the Dungeon.
You were not hungry.

You visited 1 branch of the dungeon, and saw 2 of its levels.

You collected 29 gold pieces.

Inventory:

Hand Weapons
 a - a +2 spear (weapon)
 c - a +0 hand crossbow
Missiles
 d - 29 bolts
Armour
 e - a +0 robe (worn)
Jewellery
 h - a cursed -2 ring of intelligence {unknown}
Scrolls
 b - a scroll of teleportation
 g - a scroll of remove curse {unknown}
Potions
 i - a potion of lignification {unknown}
Comestibles
 f - a ration


   Skills:
 + Level 8.5 Fighting
 + Level 0.6 Short Blades
 + Level 0.6 Long Blades
 + Level 0.6 Axes
 + Level 0.6 Maces & Flails
 + Level 2.5 Polearms
 + Level 0.6 Staves
 + Level 0.6 Slings
 + Level 0.6 Bows
 + Level 2.5 Crossbows
 + Level 2.5 Throwing
 + Level 2.5 Armour
 + Level 0.6 Dodging
 + Level 2.3 Stealth
 + Level 2.5 Shields
 + Level 0.6 Unarmed Combat
 + Level 0.6 Spellcasting
 + Level 0.4 Conjurations
 + Level 0.4 Hexes
 + Level 0.4 Charms
 + Level 0.4 Summonings
 + Level 0.4 Necromancy
 + Level 0.4 Translocations
 + Level 0.4 Transmutations
 + Level 0.4 Fire Magic
 + Level 0.4 Ice Magic
 + Level 0.4 Air Magic
 + Level 0.4 Earth Magic
 + Level 0.4 Poison Magic
 + Level 0.8 Invocations
 + Level 0.6 Evocations


You had 3 spell levels left.
You didn't know any spells.
Your spell library was empty.

Dungeon Overview and Level Annotations

Branches:
Dungeon (2/15)

Altars:

Annotations:
D:1 exclusion: downstairs


Innate Abilities, Weirdness & Mutations

Your experience applies equally to all skills.
You have very sharp teeth.
Your uncanny sense of smell can sniff out nearby items.


Message History

Attack whom?
Press: ? - help, Dir - move target cursor, f/p - iguana
Aim: an iguana (heavily wounded)
You hit the iguana.
The iguana is severely wounded.
The iguana bites you.
* * * LOW HITPOINT WARNING * * *
Attack whom?
Press: ? - help, Dir - move target cursor, f/p - iguana
Aim: an iguana (severely wounded)
You hit the iguana. Your bite misses the iguana.
The iguana is almost dead.
The iguana completely misses you.
Attack whom?
Press: ? - help, Dir - move target cursor, f/p - iguana
Aim: an iguana (almost dead)
You barely miss the iguana.
The iguana is almost dead.
The iguana bites you!
You die...

######
#.....#
.......##
........#
........#
......l.#
.......@#
........#
........#
.......##
#.[....#
#####..####
#.....(...#
#.........#
#.........#


You could see an iguana.

Vanquished Creatures
  3 dart slugs (D:1)
  A giant cockroach (D:1)
  4 goblins (D:1)
  4 hobgoblins (D:1)
  A bat (D:1)
  A frilled lizard (D:1)
  3 kobolds (D:1)
  2 rats (D:1)
19 creatures vanquished.

Notes
Turn   | Place    | Note
-------+----------+-------------------------------------------
     0 | D:1      | D1HalberdGnoll the Gnoll Wanderer began the quest for the
                  | Orb.
     0 | D:1      | D1HalberdGnoll set off with the following items: a +2
                  | spear, a scroll of teleportation, a +0 hand crossbow, 29
                  | bolts, a +0 robe, a ration
     0 | D:1      | Reached XP level 1. HP: 26/26 MP: 1/1
    91 | D:1      | Reached XP level 2. HP: 18/33 MP: 2/2
   443 | D:1      | Reached XP level 3. HP: 23/38 MP: 3/3
   803 | D:2      | Mangled by an iguana

Vault maps used:
D:1:      minmay_arrival_wavy_path
D:2:      serial_aquarium, aquarium_bridge_square,
          aquarium_bridge_long_separate, aquarium_window_fake,
          aquarium_window_fake, aquarium_view_2d,
          chequers_ecumenical_altar_simple_redux, chequers_jeans

Action                   || total
-------------------------++-------
Melee: Spear             ||    71
       Bite              ||     5
 Stab: Sleeping          ||     1
Armor: Robe              ||    10
Dodge: Dodged            ||    22

Table legend:
 A = Non-vault XP
 B = Vault XP
 C = Vault XP percentage of total XP
 D = Non-vault monster count
 E = Vault monster count
 F = Vault count percentage of total count
                 A         B        C        D         E       F
            +---------+---------+-------+---------+---------+-------
      Total |      39 |       0 |   0.0 |      19 |       0 |   0.0
            +---------+---------+-------+---------+---------+-------
        D:1 |      39 |       0 |   0.0 |      19 |       0 |   0.0
            +---------+---------+-------+---------+---------+-------
